 Dungeon Crawl Stone Soup version 0.30-a0-385-gfebfb9b408 (webtiles) character file.

Game seed: 11116781413550698761

911 arthad the Insei (level 8, -7/60 HPs)
             Began as a Gnoll Transmuter on Dec 3, 2022.
             Was an Initiate of Yredelemnul.
             Engulfed by a steam dragon's steam (10 damage)
             ... on level 5 of the Dungeon.
             The game lasted 00:12:20 (4282 turns).

arthad the Insei (Gnoll Transmuter)                 Turns: 4282, Time: 00:12:20

Health: -7/60      AC:  2    Str:  9    XL:     8   Next: 8%
Magic:  13/16      EV: 26    Int: 14    God:    Yredelemnul [......]
Gold:   34         SH:  0    Dex: 27    Spells: 5/18 levels left

rFire   . . .      SeeInvis .      - Unarmed
rCold   . . .      Faith    .    (shield currently unavailable)
rNeg    . . .      Spirit   .    (body armour currently unavailable)
rPois   x          Reflect  .    (helmet currently unavailable)
rElec   .          Harm     .    (cloak currently unavailable)
rCorr   .          Rampage  .    (gloves currently unavailable)
Will    .....                    (boots currently unavailable)
Stlth   +++.......               (no amulet)
HPRegen 0.30/turn                i - ring of wizardry
MPRegen 0.15/turn                y - +6 ring of dexterity

@: spider-form
A: venomous fangs, tiny, (fangs 1), strong nose, distributed training, agile 1,
passive freeze
a: End Transformation, Renounce Religion, Recall Undead Harvest


You were on level 5 of the Dungeon.
You worshipped Yredelemnul.
Yredelemnul was noncommittal.
You were a venomous arachnid creature.
You visited 1 branch of the dungeon, and saw 5 of its levels.

You collected 236 gold pieces.
You spent 202 gold pieces at shops.

Inventory:

Hand Weapons
 n - a +2 quarterstaff of venom
Missiles
 d - 12 poisoned darts
Armour
 o - a +0 cloak (melded)
 p - a +1 pair of gloves (melded)
 q - a +0 robe
 w - the +0 robe of Behyukk (melded) {Fly rPois}
   (You found it on level 4 of the Dungeon)

   rPois:     It protects you from poison.
   Fly:       It grants you flight.
 z - a +1 pair of boots of flying (melded)
Magical Staves
 a - a staff of cold
Jewellery
 i - a ring of wizardry (left front leg)
 s - a ring of willpower
 t - a ring of positive energy
 y - a +6 ring of dexterity (right front leg)
Scrolls
 c - 8 scrolls of teleportation
 j - a scroll of vulnerability {unknown}
 k - a scroll of poison {unknown}
 l - a scroll of torment {unknown}
 r - 2 scrolls of identify {unknown}
 u - 3 scrolls of fog {unknown}
 v - 3 scrolls of brand weapon
Potions
 b - 2 potions of lignification
 e - 2 potions of mutation
 f - a potion of flight {unknown}
 g - 2 potions of cancellation {unknown}
 h - a potion of heal wounds {unknown}
 m - a potion of attraction {unknown}
 x - 2 potions of haste {unknown}
 A - a potion of degeneration {unknown}
 B - a potion of curing {unknown}


   Skills:
 + Level 4.0 Fighting
 + Level 3.0 Short Blades
 + Level 3.0 Long Blades
 + Level 3.0 Axes
 + Level 3.0 Maces & Flails
 + Level 3.0 Polearms
 + Level 3.0 Staves
 + Level 3.0 Ranged Weapons
 + Level 3.0 Throwing
 + Level 3.0 Armour
 + Level 5.5 Dodging
 + Level 3.0 Stealth
 + Level 3.0 Shields
 + Level 7.3 Unarmed Combat
 + Level 5.9 Spellcasting
 + Level 2.4 Conjurations
 + Level 2.4 Hexes
 + Level 2.4 Summonings
 + Level 2.4 Necromancy
 + Level 2.4 Translocations
 + Level 4.6 Transmutations
 + Level 2.4 Fire Magic
 + Level 2.4 Ice Magic
 + Level 2.4 Air Magic
 + Level 2.4 Earth Magic
 + Level 2.4 Poison Magic
 + Level 3.3 Invocations
 + Level 3.0 Evocations


You had 5 spell levels left.
You knew the following spells:

 Your Spells              Type           Power      Damage    Failure   Level
a - Beastly Appendage     Tmut           34%        N/A       3%          1
b - Wereblood             Tmut           17%        N/A       4%          2
c - Spider Form           Tmut/Pois      14%        N/A       11%         3
d - Ice Form              Ice/Tmut       14%        N/A       28%         4
e - Teleport Other        Tloc           11%        N/A       16%         3

Your spell library contained the following spells:

 Spells                   Type           Power      Damage    Failure   Level
 Gell's Gravitas          Tloc           11%        N/A       16%         3
 Inner Flame              Hex/Fire       11%        N/A       16%         3
 Lesser Beckoning         Tloc           22%        N/A       16%         3
 Cause Fear               Hex            5%         N/A       38%         4
 Discord                  Hex            5%         N/A       100%        8


Dungeon Overview and Level Annotations

Branches:
Dungeon (5/15)             Temple (0/1) D:4

Altars:
Fedhas
Nemelex Xobeh
Sif Muna
Yredelemnul

Shops:
D:4 [


Innate Abilities, Weirdness & Mutations

You are a venomous arachnid creature.
You have poisonous fangs.
You are tiny and dextrous.
Your spellcasting is less reliable in this form.
Your armour is entirely melded.
You are incapable of wielding weapons or throwing items.
((You have very sharp teeth.))
Your uncanny sense of smell can sniff out nearby items.
Your experience applies equally to all skills.
You are agile. (Dex +4, Str/Int -1)
A frigid envelope surrounds you and freezes all who hurt you.


Message History

You are too injured to fight recklessly!
You are too injured to fight recklessly!
You are too injured to fight recklessly!
You are too injured to fight recklessly!
You are too injured to fight recklessly!
You're standing in a cloud of steam!
Casting: Ice Form (dangerous; 14% risk of failure)
Confirm with . or Enter, or press ? or * to list all spells.
You turn into a venomous arachnid creature.
Your +0 cloak melds into your body.
Your +1 pair of gloves melds into your body.
Your +1 pair of boots of flying melds into your body.
The +0 robe of Behyukk {Fly rPois} melds into your body.
You float gracefully downwards. x2
You are engulfed in a cloud of scalding steam.
The steam dragon closely misses you. The steam dragon completely misses you.
Unknown command.
You hit the steam dragon but do no damage.
The steam dragon is poisoned.
The steam dragon is heavily wounded.
You are engulfed in a cloud of scalding steam.
* * * LOW HITPOINT WARNING * * *
The steam dragon completely misses you. x2
You hit the steam dragon.
The steam dragon looks as sick as possible!
The steam dragon is heavily wounded.
You are engulfed in a cloud of scalding steam.
* * * LOW HITPOINT WARNING * * *
The steam dragon bites you but does no damage.
The steam dragon closely misses you.
You hit the steam dragon.
The steam dragon is severely wounded.
The steam dragon breathes steam at you. The ball of steam hits you!
* * * LOW HITPOINT WARNING * * *
It was a potion of mutation.
You feel extremely strange.
Your skin feels very cold.
You feel agile.
You are engulfed in a cloud of scalding steam.
You die...
Your body rises from the dead as a mindless zombie.

.#.# #.## #..#
#..# ..## ##.#
..# #.# ..#._
#.## ∆ ..#..
#..# ####
#.##.##..# #..
...#.#...# #D#
##.#.#...# #s#
)..#.#..## #.#
#..#'#..# #.#
##......# #§#
####..#.# #§#
# ##.#Z# #§# #
#.#.########.#
#
#.#......Z...#
#.############


You could see a steam dragon (extremely poisoned, catching breath).

Vanquished Creatures
  2 black bears
  A phantom (D:4)
  A hound (D:5)
  A jelly (D:4)
  Crazy Yiuf (D:2)
  Natasha (thrice) (D:4)
  A gnoll bouda (D:5)
  3 gnolls (D:5)
  2 adders (D:3)
  A dart slug (D:2)
  An orc (D:4)
  8 ball pythons
  8 bats
  6 endoplasms
  11 giant cockroaches
  9 goblins
  10 hobgoblins
  A jackal (D:2)
  5 kobolds
  6 quokkas
  2 frilled lizards
  7 rats
90 creatures vanquished.

Vanquished Creatures (collateral kills)
  Grinder (D:4)
  A scorpion (D:4)
  Jessica (D:3)
  An iguana (D:4)
  2 adders
  A worm (D:3)
  A dart slug (D:3)
  An endoplasm (D:4)
  A goblin (D:3)
10 creatures vanquished.

Vanquished Creatures (others)
  A hound zombie (D:5)
  A bat zombie (D:3)
  A gnoll zombie (D:5)
  A goblin zombie (D:4)
  An orc zombie (D:4)
  3 withered plants (D:4)
8 creatures vanquished.

Grand Total: 108 creatures vanquished

Notes
Turn   | Place    | Note
-------+----------+-------------------------------------------
     0 | D:1      | arthad the Gnoll Transmuter began the quest for the Orb.
     0 | D:1      | Reached XP level 1. HP: 17/17 MP: 6/6
   176 | D:1      | Reached XP level 2. HP: 23/23 MP: 7/7
   627 | D:2      | Found a runed translucent door.
   628 | D:2      | Noticed Crazy Yiuf
   867 | D:2      | Reached skill level 5 in Spellcasting
   867 | D:2      | Reached XP level 3. HP: 25/28 MP: 7/9
   874 | D:2      | Learned a level 2 spell: Wereblood
   878 | D:2      | Learned a level 3 spell: Spider Form
  1070 | D:2      | Reached skill level 1 in Invocations
  1535 | D:2      | Reached skill level 1 in Short Blades
  1535 | D:2      | Reached skill level 1 in Long Blades
  1535 | D:2      | Reached skill level 1 in Axes
  1535 | D:2      | Reached skill level 1 in Maces & Flails
  1535 | D:2      | Reached skill level 1 in Polearms
  1535 | D:2      | Reached skill level 1 in Staves
  1535 | D:2      | Reached skill level 1 in Ranged Weapons
  1535 | D:2      | Reached skill level 1 in Throwing
  1535 | D:2      | Reached skill level 1 in Armour
  1535 | D:2      | Reached skill level 1 in Stealth
  1535 | D:2      | Reached skill level 1 in Shields
  1535 | D:2      | Reached skill level 1 in Evocations
  1659 | D:2      | Reached XP level 4. HP: 32/34 MP: 11/11
  1848 | D:2      | Learned a level 4 spell: Ice Form
  1854 | D:2      | Killed Crazy Yiuf
  1855 | D:2      | Reached skill level 1 in Conjurations
  1855 | D:2      | Reached skill level 1 in Hexes
  1855 | D:2      | Reached skill level 1 in Summonings
  1855 | D:2      | Reached skill level 1 in Necromancy
  1855 | D:2      | Reached skill level 1 in Translocations
  1855 | D:2      | Reached skill level 1 in Fire Magic
  1855 | D:2      | Reached skill level 1 in Ice Magic
  1855 | D:2      | Reached skill level 1 in Air Magic
  1855 | D:2      | Reached skill level 1 in Earth Magic
  1855 | D:2      | Reached skill level 1 in Poison Magic
  2076 | D:3      | Found a faded altar of an unknown god.
  2103 | D:3      | Prayed at the altar of an unknown god.
  2103 | D:3      | Became a worshipper of Yredelemnul the Dark
  2103 | D:3      | Reached * piety under Yredelemnul
  2108 | D:3      | Learned a level 3 spell: Teleport Other
  2207 | D:3      | Reached XP level 5. HP: 38/40 MP: 12/12
  2464 | D:3      | Reached ** piety under Yredelemnul
  2660 | D:3      | Noticed Jessica
  2665 | D:3      | Killed Jessica
  2669 | D:3      | Found a shimmering blue altar of Sif Muna.
  2822 | D:4      | Noticed a black bear
  2830 | D:4      | Killed a black bear
  2831 | D:4      | Reached skill level 5 in Dodging
  2831 | D:4      | Reached XP level 6. HP: 31/47 MP: 11/14
  3088 | D:4      | Found a staircase to the Ecumenical Temple.
  3147 | D:4      | Identified the +0 robe of Behyukk {Fly rPois}
  3203 | D:4      | Found Riugrod's Antique Armour Boutique.
  3393 | D:4      | Found a basalt altar of Yredelemnul.
  3455 | D:4      | Found a sparkling altar of Nemelex Xobeh.
  3492 | D:4      | Noticed Natasha
  3512 | D:4      | Killed Natasha
  3691 | D:4      | Bought a pair of embroidered boots for 202 gold pieces
  3780 | D:4      | Noticed Natasha
  3785 | D:4      | Killed Natasha
  3822 | D:4      | Reached skill level 7 in Unarmed Combat
  3822 | D:4      | Reached XP level 7. HP: 52/52 MP: 15/15
  3996 | D:4      | Noticed Grinder
  4008 | D:4      | Killed Grinder
  4149 | D:4      | Noticed Natasha
  4158 | D:4      | Killed Natasha
  4162 | D:4      | Reached *** piety under Yredelemnul
  4164 | D:5      | Entered Level 5 of the Dungeon
  4176 | D:5      | Reached XP level 8. HP: 60/60 MP: 10/16
  4250 | D:5      | Found a blossoming altar of Fedhas.
  4281 | D:5      | HP: 3/60 [steam dragon/ball of steam (9)]
  4282 | D:5      | Gained mutation: A frigid envelope surrounds you and
                  | freezes all who hurt you. [potion of mutation]
  4282 | D:5      | Gained mutation: You are agile. (Dex +4, Str/Int -1)
                  | [potion of mutation]
  4282 | D:5      | Engulfed by a steam dragon's steam

Illustrated notes

Levels and vault maps discovered:
D:1:      saegor_arrival_simple_b, layout_basic
D:2:      minmay_roachtagon, layout_loops_corners, hangedman_decor_growths,
          minmay_ruptured, uniq_crazy_yiuf_cottage
D:3:      layout_loops_ring, tgw_sif, nicolae_ecumenical_snake_handling,
          kennysheep_generic_room_5, uniq_jessica
D:4:      layout_gridville, yredelemnul_altar_generic,
          nemelex_spade_bored_becter, minmay_temple_entry_trees, serial_shops,
          nicolae_inconvenience_store, uniq_natasha, uniq_grinder
D:5:      lemuel_castle_with_subvaults [lemuel_castle_interior_carwin_3],
          layout_basic, mainiacjoe_overflow_surrounded_room, kennysheep_mini,
          skrybe_limestone_x

Skill      XL: |  1  2  3  4  5  6  7 |
---------------+----------------------+-----
Spellcasting   | 5 |  5.9
Invocations    | 1 2 3 |  3.3
Short Blades   | 1 2 3 |  3.0
Long Blades    | 1 2 3 |  3.0
Axes           | 1 2 3 |  3.0
Maces & Flails | 1 2 3 |  3.0
Polearms       | 1 2 3 |  3.0
Staves         | 1 2 3 |  3.0
Ranged Weapons | 1 2 3 |  3.0
Throwing       | 1 2 3 |  3.0
Armour         | 1 2 3 |  3.0
Stealth        | 1 2 3 |  3.0
Shields        | 1 2 3 |  3.0
Evocations     | 1 2 3 |  3.0
Conjurations   | 1 2 |  2.4
Hexes          | 1 2 |  2.4
Summonings     | 1 2 |  2.4
Necromancy     | 1 2 |  2.4
Translocations | 1 2 |  2.4
Fire Magic     | 1 2 |  2.4
Ice Magic      | 1 2 |  2.4
Air Magic      | 1 2 |  2.4
Earth Magic    | 1 2 |  2.4
Poison Magic   | 1 2 |  2.4
Fighting       | 3 4 |  4.0
Transmutations | 4 |  4.6
Dodging        | 5 |  5.5
Unarmed Combat | 7 |  7.3

Action                   |  1- 3 |  4- 6 |  7- 9 || total
-------------------------+-------+-------+-------++-------
Melee: Unarmed           |   131 |   152 |    43 ||   326
       Headbutt          |     3 |       |       ||     3
       Punch             |     5 |     5 |     1 ||    11
       Bite              |     5 |    11 |     4 ||    20
       Kick              |     1 |       |       ||     1
 Cast: Beastly Appendage |     2 |       |       ||     2
       Spider Form       |     1 |     4 |     1 ||     6
       Ice Form          |       |       |     1 ||     1
Invok: Recall Undead Har |       |       |     1 ||     1
  Use: Scroll            |       |     3 |       ||     3
       Potion            |       |       |     1 ||     1
 Stab: Sleeping          |     3 |     2 |     1 ||     6
       Distracted        |       |     2 |       ||     2
Armor: Robe              |    35 |    27 |     3 ||    65
       Skin              |       |     2 |     7 ||     9
Dodge: Dodged            |    95 |   110 |    29 ||   234

Table legend: (Time is in decaauts)
 A = Elapsed time spent in this place.
 B = Non-inter-level travel time spent in this place.
 C = Inter-level travel time spent in this place.
 D = Time resting spent in this place.
 E = Time spent auto-exploring this place.
 F = Levels seen in this place.
 G = Mean time per level.
                   A        B        C        D        E       F      G
               +--------+--------+--------+--------+--------+-----+--------+
         Total |   4236 |   4144 |     92 |      0 |   3424 |   5 |  847.2 |
       Dungeon |   4236 |   4144 |     92 |      0 |   3424 |   5 |  847.2 |
               +--------+--------+--------+--------+--------+-----+--------+

Top non-repeatable levels by time:
     D:4: 1366 daAuts
     D:2: 1282 daAuts
     D:3: 868 daAuts
     D:1: 603 daAuts
     D:5: 114 daAuts
